 Dungeon Crawl Stone Soup version 0.23.2-1-ga50397a6bc (webtiles) character file.

Game seed: 672119431242195670

190827 Allula97 the Fighter (level 17, -9/140 HPs)
             Began as a Demonspawn Fighter on Apr 14, 2019.
             Was the Champion of Okawaru.
             Killed by divine providence
             ... invoked by an orc high priest
              (12 damage)
             ... on level 1 of the Elven Halls on Apr 15, 2019.
             The game lasted 02:43:44 (29470 turns).

Allula97 the Fighter (Demonspawn Fighter)          Turns: 29470, Time: 02:43:45

Health: -9/140     AC: 35    Str: 26    XL:     17   Next: 55%
Magic:  0/21       EV: 26    Int: 14    God:    Okawaru [******]
Gold:   2026       SH: 10    Dex: 22    Spells: 16/16 levels left

rFire    . . .     SeeInvis +   S - +6 demon blade (flame)
rCold    + . .     Gourm    .   g - +2 buckler {rPois}
rNeg     . . .     Faith    .   j - +6 scale mail of the Unbroken {Str+4 Int+4}
rPois    +         Spirit   +   V - +0 helmet
rElec    .         Reflect  .   I - +2 cloak {MR+}
rCorr    +         Harm     .   p - +2 pair of gloves {Dex+3}
MR       ++...     Clarity  +   (boots unavailable)
Stlth    +++.......             H - amulet of guardian spirit
HPRegen  0.33/turn              M - ring of resist corrosion
MPRegen  0.17/turn              y - ring of Walu {+Inv EV+5 Str+3}

@: about to teleport, sanguine armour, very slightly contaminated, studying
Summonings
A: hooves 3, see invisible, clarity, cold resistance 1, foul stench 1, poison
resistance, strong 1, rot immunity, freezing cloud immunity, MP-powered wands,
sanguine armour 3
}: 1/15 runes: serpentine
a: Heroism, Finesse, Renounce Religion, Evoke Invisibility


You were on level 1 of the Elven Halls.
You worshipped Okawaru.
Okawaru was exalted by your worship.
You were not hungry.

You visited 7 branches of the dungeon, and saw 28 of its levels.
You also visited: Sewer.

You collected 2959 gold pieces.
You spent 933 gold pieces at shops.

Inventory:

Hand Weapons
 a - a +2 scimitar of freezing
 l - a +6 quick blade
 C - a +0 antimagic scimitar
 S - a +6 demon blade of flaming (weapon)
Armour
 g - a +2 buckler of poison resistance (worn)
 j - the +6 scale mail of the Unbroken (worn) {Str+4 Int+4}
   (You bought it in a shop on level 6 of the Dungeon)

   It affects your strength (+4).
   It affects your intelligence (+4).
 p - a +2 pair of gloves of dexterity (worn)
 A - the +10 large shield of Ignorance {rN+ Int-4}
   (You found it on level 1 of the Orcish Mines)

   It affects your intelligence (-4).
   It protects you from negative energy.
 D - a +4 scale mail of magic resistance
 E - the +3 large shield of Action {rPois rC+ Int+4 Dex+2 SInv}
   (You bought it in a shop on level 2 of the Orcish Mines)

   It affects your intelligence (+4).
   It affects your dexterity (+2).
   It protects you from cold.
   It protects you from poison.
   It lets you see invisible.
 I - a +2 cloak of magic resistance (worn)
 V - a +0 helmet (worn)
 W - a +2 pair of boots of stealth
Magical Staves
 K - an uncursed staff of power {unknown}
Jewellery
 s - an uncursed ring of wizardry
 y - the ring of Walu (right hand) {+Inv EV+5 Str+3}
   (You found it on level 12 of the Dungeon)

   [ring of evasion]

   It affects your evasion (+5).
   It affects your strength (+3).
   It lets you turn invisible.
 H - an amulet of guardian spirit (around neck)
 M - a ring of resist corrosion (left hand)
 X - a +2 ring of evasion
Wands
 c - a wand of acid (17)
 d - a wand of paralysis (6)
 k - a wand of scattershot (4)
 o - a wand of flame (23)
 J - a wand of iceblast (11)
 Q - a wand of disintegration (8)
 U - a wand of polymorph (12)
Scrolls
 h - 13 scrolls of remove curse
 m - 5 scrolls of amnesia
 n - 22 scrolls of teleportation
 u - 2 scrolls of fear
 w - 2 scrolls of magic mapping
 x - 2 scrolls of blinking
 F - 2 scrolls of identify
 G - a scroll of fog
 Y - 2 scrolls of brand weapon
Potions
 b - 4 potions of resistance
 e - 5 potions of curing
 i - a potion of lignification
 q - 6 potions of flight
 r - a potion of mutation
 t - 3 potions of agility
 v - 2 potions of cancellation
 z - 3 potions of brilliance
 O - 4 potions of haste
 R - a potion of magic
 T - 4 potions of might
Books
 Z - a manual of Summonings
Miscellaneous
 B - a fan of gales
Comestibles
 f - 46 rations
 L - 6 chunks of flesh


   Skills:
 * Level 14.5 Fighting
 * Level 13.3 Long Blades
 + Level 11.5 Armour
 + Level 12.5 Dodging
 + Level 11.1 Stealth
 * Level 10.9 Shields
 - Level 1.8 Unarmed Combat
 + Level 9.3 Summonings
 - Level 5.9 Invocations


You had 16 spell levels left.
You didn't know any spells.
Your spell library contained the following spells:

 Spells                   Type           Power        Failure   Level  Hunger
 Summon Small Mammal      Summ           ####         1%          1    ##.....
 Call Imp                 Summ           ####....     1%          2    ###....
 Summon Guardian Golem    Hex/Summ       ##......     24%         3    ####...
 Animate Skeleton         Necr           N/A          50%         1    ##.....
 Apportation              Tloc           #.....       50%         1    ##.....
 Confusing Touch          Hex            #.....       50%         1    ##.....
 Flame Tongue             Conj/Fire      #....        50%         1    ##.....
 Infusion                 Chrm           #...         50%         1    ##.....
 Magic Dart               Conj           #...         50%         1    ##.....
 Sting                    Conj/Pois      #...         50%         1    ##.....
 Blink                    Tloc           N/A          63%         2    ###....
 Passwall                 Tmut/Erth      #.......     63%         2    ###....
 Poisonous Vapours        Pois/Air       #.....       63%         2    ###....
 Searing Ray              Conj           #.....       63%         2    ###....
 Shroud of Golubria       Chrm/Tloc      #.........   63%         2    ###....
 Slow                     Hex            #.......     63%         2    ###....
 Song of Slaying          Chrm           #.......     63%         2    ###....
 Swiftness                Chrm/Air       #.......     63%         2    ###....
 Throw Flame              Conj/Fire      #.....       63%         2    ###....
 Conjure Flame            Conj/Fire      #.......     86%         3    ####...
 Dazzling Spray           Conj/Hex       #.....       86%         3    ####...
 Inner Flame              Hex/Fire       #.......     86%         3    ####...
 Mephitic Cloud           Conj/Pois/Air  #.......     86%         3    ####...
 Regeneration             Chrm/Necr      #.........   86%         3    ####...
 Spectral Weapon          Hex/Chrm       #.......     86%         3    ####...
 Force Lance              Conj/Tloc      #.......     99%         4    #####..
 Fulminant Prism          Conj/Hex       #.........   99%         4    #####..
 Ice Form                 Ice/Tmut       #.......     99%         4    #####..
 Iskenderun's Mystic Bla  Conj           #.......     99%         4    #####..
 Olgreb's Toxic Radiance  Pois           #.......     99%         4    #####..
 Passage of Golubria      Tloc           N/A          99%         4    #####..
 Sticky Flame             Conj/Fire      #.......     99%         4    #####..
 Bolt of Draining         Conj/Necr      #.........   100%        5    ######.
 Fireball                 Conj/Fire      #.........   100%        5    ######.
 Lee's Rapid Deconstruct  Erth           #.........   100%        5    ######.
 Lightning Bolt           Conj/Air       #.........   100%        5    ######.
 Metabolic Englaciation   Hex/Ice        #.........   100%        5    ######.
 Venom Bolt               Conj/Pois      #.........   100%        5    ######.
 Bolt of Cold             Conj/Ice       #.........   100%        6    #######
 Darkness                 Hex            #.........   100%        6    #######
 Freezing Cloud           Conj/Ice/Air   #.........   100%        6    #######
 Invisibility             Hex            #.......     100%        6    #######
 Ozocubu's Refrigeration  Ice            #.........   100%        6    #######
 Simulacrum               Ice/Necr       #.........   100%        6    #######
 Ring of Flames           Chrm/Fire      #.........   100%        7    #######
 Spellforged Servitor     Conj/Summ      ##........   100%        7    #######


Dungeon Overview and Level Annotations

Branches:
Dungeon (13/15)            Temple (1/1) D:5            Lair (6/6) D:10
 Shoals (0/4) Lair:4        Snake (4/4) Lair:2        Slime (1/5) Lair:5
    Orc (2/2) D:9             Elf (1/3) Orc:2        Vaults (0/5) D:13

Altars:
Ashenzari
Cheibriados
Dithmenos
Elyvilon
Fedhas
Gozag
Hepliaklqana
Kikubaaqudgha
Makhleb
Nemelex Xobeh
Okawaru
Qazlal
Ru
Sif Muna
Trog
Uskayaw
Vehumet
Wu Jian
Xom
Yredelemnul
Zin
The Shining One
Beogh

Shops:
D:6 [**[   Orc:1 }   Orc:2 :[(*   Snake:1 [

Annotations:
Orc:1 exclusion: 4 orange crystal statues


Innate Abilities, Weirdness & Mutations

You have hooves in place of feet.
Your flesh is cold resistant. (rC+)
You may emit foul miasma when damaged in melee.
You are immune to rotting.
You are immune to freezing clouds.
When seriously injured, your bleeding wounds create very thick armour. (AC +12)
You have supernaturally acute eyesight. (SInv)
You possess an exceptional clarity of mind.
Your system is resistant to poisons. (rPois)
Your muscles are strong. (Str +2)
You expend magic power (3 MP) to strengthen your wands.


Message History

The sun demon is almost dead.
The sun demon completely misses you.
The orc high priest calls down the wrath of Beogh upon you.
Beogh smites you!
* * * LOW HITPOINT WARNING * * *
Okay, then.
As you read the scroll of teleportation, it crumbles to dust.
You feel strangely unstable. The sun demon hits you!
* * * LOW HITPOINT WARNING * * *
You are engulfed in flames!
* * * LOW HITPOINT WARNING * * *
You emit a cloud of foul miasma!
Blink to where?
Press: ? - help, Dir - move target cursor, p - orc high priest You are very lightly contaminated with residual magic.
As you read the scroll of blinking, it crumbles to dust.
The smoke demon disappears in a puff of smoke!
The orc high priest mumbles some strange prayers to Beogh against you.
Beogh smites you!
You die...

....................)()3X...)..()
...................).############
......^.........(....# #88#88#
.....................# ......X
.....................# .....x'
...................X.# #..#o.#
############'#######.# .$ee)['
...................#X# .$.e.)'
................@..#3# #..#(.#
..#####..########..#.# .....))
..'.).'..#......#..#.# ......)
..#...#..'......#..#.# #88#88#
..#####..####'###3§#X############
.............[....§#..#..#.....'.
..####'#..#######.o'§.#..#.....#.
..#....#..#.....#..#..'..#...).#.
..#....#..#.....#..#..#..#.....#.


You could see an orc high priest and a sun demon.

Vanquished Creatures
  Gastronok (Lair:1)
  7 nagarajas (Snake:4)
  2 orc warlords
  Nessos (Lair:4)
  The ghost of P0WERM0DE the Champion of Chaos, a journeyman DDFi of Makhleb (Snake:1)
  Snorg (Lair:3)
  Josephine (Lair:4)
  3 deep elf high priests (Elf:1)
  3 vault guards (D:13)
  7 hydras
  11 anacondas
  12 naga warriors
  Erica (D:9)
  18 death yaks
  4 catoblepae (Lair:6)
  5 two-headed ogres
  3 dancing weapons (Elf:1)
  10 naga sharpshooters
  An orc high priest (Orc:2)
  Sonja (Lair:3)
  10 shock serpents
  3 deep elf knights (Elf:1)
  5 skeletal warriors (D:13)
  3 salamander mystics
  7 sea snakes (Snake:4)
  3 wizards (D:13)
  12 deep elf magi
  8 naga ritualists
  An unseen horror (D:11)
  3 deep elf archers (Elf:1)
  Pikel (D:6)
  A necromancer (D:13)
  3 orc knights (Orc:2)
  3 orc sorcerers (Orc:2)
  4 mana vipers
  4 manticores
  6 oklob plants
  13 salamanders
  A spectral shock serpent (Snake:1)
  35 black mambas
  7 guardian serpents (Snake:4)
  Maurice (Orc:2)
  3 cyclopes
  7 spiny frogs
  12 naga magi
  2 gargoyles
  2 torpor snails
  A kobold demonologist (D:11)
  A komodo dragon (shapeshifter) (Elf:1)
  2 rime drakes (Lair:3)
  10 komodo dragons
  A polar bear (Lair:5)
  7 trolls
  3 hornets
  13 blink frogs
  Prince Ribbit (D:6)
  A dream sheep (Lair:6)
  13 hippogriffs
  A tarantella (shapeshifter) (D:13)
  2 air elementals (Elf:1)
  A shadow (D:13)
  A shock serpent simulacrum (Snake:1)
  2 water elementals (Elf:1)
  A fire elemental (Elf:1)
  19 humans
  3 naga simulacra (Snake:1)
  49 yaks
  3 wyverns
  6 wraiths
  3 hogs (D:7)
  Grum (D:10)
  3 basilisks
  A steam dragon (Lair:3)
  3 hungry ghosts
  2 wargs (Orc:2)
  A soldier ant (D:13)
  An acid dragon (D:13)
  47 nagas
  6 porcupines
  28 water moccasins
  3 sky beasts
  A black bear (D:8)
  A slave (D:6)
  An eye of draining (D:11)
  An ice beast (D:8)
  2 necrophages (D:8)
  20 orc warriors
  16 wolves
  3 phantoms
  3 black mamba simulacra (Snake:1)
  4 ogres
  11 centaurs
  10 crocodiles
  6 big kobolds
  An earth elemental (Elf:1)
  28 bullfrogs
  2 wyvern zombies
  A water moccasin zombie (D:3)
  2 wyvern skeletons
  2 scorpions
  6 killer bees (D:9)
  3 electric eels
  5 wights
  7 howler monkeys
  A bullfrog zombie (D:12)
  7 crimson imps
  6 hounds
  A bullfrog skeleton (D:7)
  22 orc priests
  Crazy Yiuf (D:7)
  6 jellies
  29 orc wizards
  5 human zombies (D:10)
  6 centaur skeletons
  A gnoll shaman (D:7)
  3 human skeletons (D:10)
  4 iguanas
  13 worker ants
  An ogre zombie (D:10)
  A hound zombie (D:9)
  A worker ant zombie (D:7)
  A howler monkey zombie (D:5)
  4 gnolls (D:7)
  39 adders
  A river rat (D:4)
  2 shadow imps
  An ooze (Sewer)
  3 worms
  2 dart slugs (D:3)
  5 leopard geckos
  79 orcs
  6 ball pythons
  10 bats
  9 giant cockroaches
  6 goblins
  3 hobgoblins
  9 jackals
  7 quokkas
  2 frilled lizards (D:2)
  A jackal skeleton (D:5)
  41 kobolds
  A leopard gecko skeleton (D:6)
  An orc zombie (D:10)
  A quokka skeleton (D:4)
  8 rats
  A crawling corpse (Elf:1)
  A fungus (Lair:1)
  A plant (Lair:6)
982 creatures vanquished.

Vanquished Creatures (others)
  Asterion (Snake:1)
  A dancing weapon (Elf:1)
  A naga sharpshooter (Snake:2)
  A spectral guardian serpent (Snake:1)
  A naga (Snake:4)
  3 orc priests (Elf:1)
  An orc wizard (Elf:1)
  6 orcs (Elf:1)
  7 fungi
  17 plants
39 creatures vanquished.

Grand Total: 1021 creatures vanquished

Notes
Turn   | Place    | Note
-------+----------+-------------------------------------------
     0 | D:1      | Allula97 the Demonspawn Fighter began the quest for the
                  | Orb.
     0 | D:1      | Reached XP level 1. HP: 18/18 MP: 1/1
   122 | D:1      | Gained mutation: When seriously injured, your bleeding
                  | wounds create armour. (AC +12) [demonic ancestry]
   122 | D:1      | Reached XP level 2. HP: 21/24 MP: 2/2
   622 | D:2      | Reached skill level 1 in Dodging
   622 | D:2      | Gained mutation: Your flesh is cold resistant. (rC+)
                  | [demonic ancestry]
   622 | D:2      | Reached XP level 3. HP: 11/29 MP: 3/3
  1101 | D:2      | Reached skill level 1 in Unarmed Combat
  1101 | D:2      | Gained mutation: You are immune to rotting. [demonic
                  | ancestry]
  1101 | D:2      | Reached XP level 4. HP: 17/35 MP: 4/4
  1716 | D:3      | Reached skill level 1 in Stealth
  1716 | D:3      | Gained mutation: You are immune to freezing clouds.
                  | [demonic ancestry]
  1716 | D:3      | Reached XP level 5. HP: 23/42 MP: 5/5
  2447 | D:4      | Found a glowing drain.
  2467 | D:4      | Gained mutation: You may emit foul miasma when damaged in
                  | melee. [demonic ancestry]
  2467 | D:4      | Reached XP level 6. HP: 29/48 MP: 6/6
  2495 | Sewer    | Entered a sewer
  2690 | Sewer    | Reached skill level 4 in Fighting
  3077 | D:5      | Entered Level 5 of the Dungeon
  3123 | D:5      | Gained mutation: You have large cloven feet. [demonic
                  | ancestry]
  3123 | D:5      | Reached XP level 7. HP: 47/54 MP: 7/7
  3288 | D:5      | Found a staircase to the Ecumenical Temple.
  3305 | Temple   | Entered the Ecumenical Temple
  3463 | Temple   | Became a worshipper of Warmaster Okawaru
  4016 | D:5      | Reached * piety under Okawaru
  4016 | D:5      | Reached XP level 8. HP: 24/61 MP: 8/8
  4256 | D:6      | Found a glowing silver altar of Zin.
  4315 | D:6      | Reached skill level 5 in Fighting
  4321 | D:6      | Noticed Pikel
  4342 | D:6      | Found Ibiet's Antique Armour Shop.
  4345 | D:6      | Bought an embroidered cloak for 150 gold pieces
  4370 | D:6      | Killed Pikel
  4480 | D:6      | Found Pegaor Xore's Assorted Antiques.
  4485 | D:6      | Bought a scroll labeled ZEIRHU WESE for 28 gold pieces
  4485 | D:6      | Bought a scroll labeled ZEIRHU WESE for 28 gold pieces
  4485 | D:6      | Bought a scroll labeled NUGOGIW OXEIWY for 28 gold pieces
  4488 | D:6      | Found Ubuloupo's General Store.
  4594 | D:6      | Found Qesinwit's Antique Armour Emporium.
  4647 | D:6      | Reached ** piety under Okawaru
  4843 | D:7      | Noticed Prince Ribbit
  4851 | D:7      | Reached skill level 5 in Armour
  4881 | D:6      | Killed Prince Ribbit
  4881 | D:6      | Reached skill level 6 in Fighting
  4881 | D:6      | Gained mutation: When seriously injured, your bleeding
                  | wounds create thick armour. (AC +12) [demonic ancestry]
  4881 | D:6      | Reached XP level 9. HP: 20/69 MP: 4/9
  5130 | D:7      | Reached skill level 5 in Long Blades
  5351 | D:7      | Reached skill level 5 in Dodging
  5380 | D:7      | Reached skill level 5 in Stealth
  5411 | D:7      | Reached *** piety under Okawaru
  5808 | D:7      | Found a runed translucent door.
  5809 | D:7      | Noticed Crazy Yiuf
  5816 | D:7      | Killed Crazy Yiuf
  5918 | D:8      | Found a shattered altar of Ashenzari.
  6144 | D:8      | Reached skill level 7 in Fighting
  6331 | D:8      | Noticed a two-headed ogre
  6339 | D:8      | Killed a two-headed ogre
  6339 | D:8      | Received a gift from Okawaru
  6339 | D:8      | Gained mutation: You have hoof-like feet. [demonic
                  | ancestry]
  6339 | D:8      | Reached XP level 10. HP: 55/79 MP: 6/10
  6707 | D:8      | Reached **** piety under Okawaru
  6973 | D:9      | Noticed Erica
  7007 | D:9      | Killed Erica
  7234 | D:9      | Reached ***** piety under Okawaru
  7511 | D:9      | Noticed a two-headed ogre
  7526 | D:9      | Killed a two-headed ogre
  7526 | D:9      | Reached skill level 8 in Fighting
  7598 | D:9      | Found a staircase to the Orcish Mines.
  7846 | D:10     | Entered Level 10 of the Dungeon
  7864 | D:10     | Reached XP level 11. HP: 51/86 MP: 6/11
  7939 | D:10     | Noticed a deep elf mage
  7947 | D:10     | Killed a deep elf mage
  7949 | D:10     | Noticed Grum
  7967 | D:10     | Killed Grum
  7995 | D:10     | Noticed a two-headed ogre
  8003 | D:10     | Killed a two-headed ogre
  8003 | D:10     | Received a gift from Okawaru
  8284 | D:10     | Noticed a two-headed ogre
  8288 | D:10     | Killed a two-headed ogre
  8385 | D:10     | Found an ancient bone altar of Kikubaaqudgha.
  8562 | D:10     | Found a staircase to the Lair.
  8871 | Lair:1   | Entered Level 1 of the Lair of Beasts
  9000 | D:6      | Bought a murky brown potion for 25 gold pieces
  9000 | D:6      | Bought a short brass wand for 112 gold pieces
  9000 | D:6      | Bought a steaming scale mail for 252 gold pieces
  9002 | D:6      | Identified the +6 scale mail of the Unbroken {Str+4 Int+4}
                  | (You bought it in a shop on level 6 of the Dungeon)
  9150 | Lair:1   | Found a shimmering altar of Xom.
  9279 | Lair:1   | Got a scorched glaive
  9494 | Lair:1   | Reached skill level 9 in Fighting
  9743 | Lair:1   | Noticed Gastronok
  9801 | Lair:1   | Killed Gastronok
  9801 | Lair:1   | Received a gift from Okawaru
  9801 | Lair:1   | Reached XP level 12. HP: 49/96 MP: 3/12
  9891 | Lair:2   | Found a staircase to the Snake Pit.
 10017 | Lair:2   | Noticed a four-headed hydra
 10025 | Lair:2   | Killed a one-headed hydra
 10025 | Lair:2   | Reached ****** piety under Okawaru
 10050 | Lair:2   | Reached skill level 5 in Shields
 10596 | Lair:2   | Reached skill level 10 in Fighting
 10675 | Lair:2   | Noticed a seven-headed hydra
 10685 | Lair:2   | Killed a four-headed hydra
 10685 | Lair:2   | Received a gift from Okawaru
 10849 | Lair:2   | Gained mutation: You are weak. (Str -2) [potion of
                  | mutation]
 10849 | Lair:2   | Gained mutation: You have hooves in place of feet. [potion
                  | of mutation]
 10849 | Lair:2   | Lost mutation: You are weak. (Str -2) [potion of mutation]
 11056 | Lair:3   | Noticed Snorg
 11076 | Lair:3   | Killed Snorg
 11076 | Lair:3   | Reached skill level 1 in Invocations
 11089 | Lair:3   | Identified the Almanac of Blows and Bruises and Summoning
 11144 | Lair:3   | Noticed a five-headed hydra
 11159 | Lair:3   | Killed a one-headed hydra
 11326 | Lair:3   | Reached XP level 13. HP: 104/104 MP: 14/14
 11649 | Lair:3   | Received a gift from Okawaru
 11747 | Lair:3   | Noticed Sonja
 11756 | Lair:3   | Killed Sonja
 12004 | Lair:4   | Received a gift from Okawaru
 12045 | Lair:4   | Noticed Josephine
 12335 | Lair:4   | Reached skill level 11 in Fighting
 12653 | Lair:4   | Killed Josephine
 12653 | Lair:4   | Reached skill level 10 in Long Blades
 12664 | Lair:4   | Reached skill level 10 in Dodging
 12782 | Lair:4   | Found a staircase to the Shoals.
 12866 | Lair:4   | Noticed Nessos
 12880 | Lair:4   | Killed Nessos
 13777 | Lair:5   | Found a runed translucent door.
 13796 | Lair:5   | Gained mutation: When seriously injured, your bleeding
                  | wounds create very thick armour. (AC +12) [demonic
                  | ancestry]
 13796 | Lair:5   | Reached XP level 14. HP: 77/113 MP: 11/17
 14340 | Lair:5   | Found a staircase to the Slime Pits.
 14426 | Lair:5   | Reached skill level 5 in Invocations
 14442 | Slime:1  | Entered Level 1 of the Pits of Slime
 14443 | Slime:1  | Noticed an acid blob
 14524 | Lair:6   | Entered Level 6 of the Lair of Beasts
 14746 | Lair:6   | Received a gift from Okawaru
 14856 | Lair:6   | Reached skill level 10 in Armour
 15138 | Lair:6   | Received a gift from Okawaru
 15146 | Lair:6   | Identified the +11 glaive of the Morning {chop, Int+7} (You
                  | found it on level 1 of the Lair of Beasts)
 16105 | Orc:1    | Entered Level 1 of the Orcish Mines
 16118 | Orc:1    | Reached skill level 1 in Summonings
 16200 | Orc:1    | Found a roughly hewn altar of Beogh.
 16279 | Orc:1    | Found a runed translucent door.
 16289 | Orc:1    | Reached skill level 12 in Fighting
 16496 | Orc:1    | Noticed an orc warlord
 16536 | Orc:1    | Killed an orc warlord
 16603 | Orc:1    | Found the +10 large shield of Ignorance {rN+ Int-4}
 16607 | Orc:1    | Found a runed translucent door.
 16619 | Orc:1    | Found Piwuynt's Gadget Shop.
 16850 | Orc:1    | Noticed an orc warlord
 16914 | Orc:2    | Entered Level 2 of the Orcish Mines
 17109 | Orc:2    | Found a staircase to the Elven Halls.
 17120 | Orc:2    | Noticed an orc warlord
 17195 | Orc:2    | Killed an orc warlord
 17282 | Orc:2    | Found a roughly hewn altar of Beogh.
 17300 | Orc:2    | Received a gift from Okawaru
 17543 | Orc:2    | Got an encrusted war axe {god gift}
 17604 | Orc:2    | Found Woam Wapire's Antique Armour Shoppe.
 17630 | Orc:2    | Bought a dazzling large shield for 190 gold pieces
 17719 | Orc:2    | Found Miseutre's General Store.
 17725 | Orc:2    | Bought a scroll of enchant weapon for 120 gold pieces
 17733 | Orc:2    | Found Sackib's Antique Weapon Shoppe.
 17750 | Orc:2    | Found Uterywn's Book Shoppe.
 17778 | Orc:2    | Noticed Maurice
 17804 | Orc:2    | Killed Maurice
 18774 | D:11     | Identified the +3 large shield of Action {rPois rC+ Int+4
                  | Dex+2 SInv} (You bought it in a shop on level 2 of the
                  | Orcish Mines)
 18916 | D:11     | Identified the +2 war axe of Orycluink {chop, +Inv rElec
                  | rPois} (Okawaru gifted it to you on level 2 of the Orcish
                  | Mines)
 19150 | D:11     | Reached XP level 15. HP: 121/122 MP: 19/19
 20295 | D:12     | Got a vibrating granite ring
 20298 | D:12     | Identified the ring of Walu {+Inv EV+5 Str+3} (You found it
                  | on level 12 of the Dungeon)
 20564 | D:12     | Received a gift from Okawaru
 21433 | D:13     | Reached skill level 5 in Summonings
 21466 | D:13     | Found a gate to the Vaults.
 21654 | Snake:1  | Entered Level 1 of the Snake Pit
 21668 | Snake:1  | Received a gift from Okawaru
 21776 | Snake:1  | Found Vemavuneick's Armour Shop.
 21835 | Snake:1  | Noticed Asterion
 21857 | Snake:1  | Killed Asterion
 21867 | Snake:1  | Reached skill level 13 in Fighting
 21998 | Snake:1  | Found a runed translucent gate.
 21998 | Snake:1  | Found a runed translucent gate.
 22003 | Snake:1  | Found a runed translucent gate.
 22509 | Snake:1  | Noticed P0WERM0DE's ghost (journeyman DDFi)
 22548 | Snake:1  | Killed P0WERM0DE's ghost
 22589 | Snake:1  | Got a pair of scorched gloves
 22600 | Snake:1  | Identified the +0 pair of gloves "Eczy Ciw" {rN++ MR- Int+3
                  | SInv} (You found it on level 1 of the Snake Pit)
 22945 | Snake:2  | Reached skill level 10 in Stealth
 23590 | Snake:2  | Reached XP level 16. HP: 104/131 MP: 15/20
 24217 | Snake:3  | Lost mutation: You have hooves in place of feet. [potion of
                  | mutation]
 24217 | Snake:3  | Gained mutation: Your mind is acute. (Int +2) [potion of
                  | mutation]
 24217 | Snake:3  | Gained mutation: Your magical capacity is low. (-10% MP)
                  | [potion of mutation]
 24217 | Snake:3  | Gained mutation: You possess an exceptional clarity of
                  | mind. [potion of mutation]
 24217 | Snake:3  | Gained mutation: Your system is resistant to poisons.
                  | (rPois) [potion of mutation]
 24218 | Snake:3  | Lost mutation: Your mind is acute. (Int +2) [potion of
                  | mutation]
 24218 | Snake:3  | Lost mutation: Your magical capacity is low. (-10% MP)
                  | [potion of mutation]
 24218 | Snake:3  | Gained mutation: You expend magic power (3 MP) to
                  | strengthen your wands. [potion of mutation]
 24218 | Snake:3  | Gained mutation: Your muscles are strong. (Str +2) [potion
                  | of mutation]
 24218 | Snake:3  | Gained mutation: You have supernaturally acute eyesight.
                  | (SInv) [potion of mutation]
 24347 | Snake:3  | Received a gift from Okawaru
 24366 | Snake:3  | Got a slimy morningstar {god gift}
 25024 | Snake:4  | Entered Level 4 of the Snake Pit
 25142 | Snake:4  | Received a gift from Okawaru
 25836 | Snake:4  | Identified the +1 morningstar "Nizxiloj" {freeze, rPois
                  | Str+7} (Okawaru gifted it to you on level 3 of the Snake
                  | Pit)
 25899 | Snake:4  | Reached skill level 10 in Shields
 26376 | Snake:4  | Reached skill level 14 in Fighting
 26650 | Snake:4  | Received a gift from Okawaru
 26650 | Snake:4  | Gained mutation: You have hooves in place of feet. [demonic
                  | ancestry]
 26650 | Snake:4  | Reached XP level 17. HP: 35/139 MP: 9/21
 27664 | Snake:4  | Got a serpentine rune of Zot
 27982 | Elf:1    | Entered Level 1 of the Elven Halls
 29469 | Elf:1    | HP: 2/140 [sun demon[an orc high priest] (10)]
 29470 | Elf:1    | Killed from afar by an orc high priest

Skill      XL: |  1  2  3  4  5  6  7  8  9 10 11 12 13 14 15 16 17 |
---------------+----------------------------------------------------+-----
Long Blades    | 2 3 4 6 8 9 10 11 12 13 | 13.3
Dodging        | 1 2 3 4 5 6 8 9 10 11 12 | 12.5
Shields        | 3 4 5 6 7 9 10 | 10.9
Unarmed Combat | 1 |  1.8
Armour         | 3 4 5 6 7 8 9 10 11 | 11.5
Stealth        | 1 2 3 4 6 7 8 9 10 11 | 11.1
Fighting       | 4 6 7 8 9 10 11 12 13 14 | 14.5
Invocations    | 1 4 5 |  5.9
Summonings     | 3 6 8 9 |  9.3

Action                   |  1- 3 |  4- 6 |  7- 9 | 10-12 | 13-15 | 16-18 || total
-------------------------+-------+-------+-------+-------+-------+-------++-------
Melee: Long sword        |   144 |   267 |   485 |   136 |       |       ||  1032
       Kick              |       |       |   168 |   300 |   732 |   478 ||  1678
       Scimitar          |       |       |       |   150 |    26 |       ||   176
       Demon blade       |       |       |       |   466 |  1351 |   764 ||  2581
Invok: Heroism           |       |       |     2 |     3 |     5 |     2 ||    12
       Finesse           |       |       |       |     1 |     2 |     2 ||     5
 Abil: Evoke Invisibilit |       |       |       |       |       |     1 ||     1
Evoke: Wand              |       |       |       |     2 |    17 |     2 ||    21
       Sack of spiders   |       |       |       |       |     2 |       ||     2
  Use: Potion            |       |     1 |     4 |    11 |    13 |     6 ||    35
       Scroll            |       |     6 |     5 |     9 |    21 |     7 ||    48
 Stab: Sleeping          |       |     1 |     4 |    12 |    21 |     8 ||    46
       Distracted        |       |       |       |     2 |     1 |     2 ||     5
       Paralysed         |       |       |       |       |     8 |       ||     8
       Invisible         |       |       |       |       |       |     2 ||     2
  Eat: Chunk             |     1 |     7 |    17 |    15 |    34 |     7 ||    81
       Ration            |       |       |     1 |     1 |     2 |     4 ||     8
Armor: Scale mail        |    16 |     1 |       |   119 |   359 |   163 ||   658
       Ring mail         |    57 |   116 |   161 |    96 |       |       ||   430
Dodge: Dodged            |    74 |   143 |   236 |   467 |   859 |   680 ||  2459
Block: Shield            |    25 |       |       |       |       |       ||    25
       Buckler           |    42 |    82 |   154 |   271 |   436 |   404 ||  1389
       Rpst.: Long sword |    14 |    54 |    57 |    32 |       |       ||   157
       Scimitar          |       |       |       |    30 |     2 |       ||    32
       Demon blade       |       |       |       |    80 |   212 |   141 ||   433
